Workbook

Sheet RESUMO
A2: Prefeitura Municipal de Indaiatuba
A3: SECRETARIA MUNICIPAL DE PLANEJAMENTO URBANO E ENGENHARIA
A5: Estado de São Paulo
A7: OBRA: FECHAMENTO LATERAL DA PISCINA DO CENTRO ESPORTIVO JARDIM MORADA DO SOL REI PELÉ
A8: =CRONOGRAMA!A8 -> Endereço: Estrada General Motors, 320 - Caldeira, Indaiatuba - SP
A10: RESUMO GERAL
C12: orçamento sintético | D12: valor ( R$ ) | E12: percentual ( % )
A15: REFORMA | C15: Material | D15: 1599056 | E15: =D15/D17 -> 0.76509458
C16: Mão de obra | D16: 490954.89 | E16: =D16/D17 -> 0.23490542
C17: Total | D17: =SUM(D15:D16) -> 2090010.9 | E17: =SUM(E15:E16) -> 1
A22: Indaiatuba, 02 de abril de 2026

Sheet ORÇAMENTO
K1: Data: 02/04/2026
B2: PREFEITURA MUNICIPAL DE INDAIATUBA
B3: SECRETARIA MUNICIPAL DE PLANEJAMENTO URBANO E ENGENHARIA
B4: Estado de São Paulo
H5: TAXAS: BDI= 21,00% |LS= 115,01%
B6: OBRA : | C6: FECHAMENTO LATERAL DA PISCINA DO CENTRO ESPORTIVO JARDIM MORADA DO SOL REI PELÉ
B7: ORÇAMENTO : | C7: FECHAMENTO LATERAL DA PISCINA DO CENTRO ESPORTIVO JARDIM MORADA DO SOL REI PELÉ
B8: LOCAL : | C8: Estrada General Motors, 320 - Caldeira, Indaiatuba - SP
B9: CÓDIGO | C9: FONTE | D9: DATA BASE | E9: DESCRIÇÃO | F9: UNID | G9: QUANT. | H9: PREÇO UNITÁRIO SEM BDI (R$) | I9: PREÇO TOTAL SEM BDI (R$) | J9: PREÇO UNITÁRIO COM BDI (R$) | K9: PREÇO TOTAL COM BDI (R$)
B10: 1 | C10: SERVIÇOS INICIAIS
B11: 01.01 | C11: ADMINISTRAÇÃO DE OBRA
A12: =LEN(B12) -> 5 | B12: CPU01 | C12: =IFERROR(VLOOKUP(A12,$B$237:$D$252,2,FALSE),"") -> COMPOSICAO | D12: =IFERROR(VLOOKUP(A12,$B$237:$D$252,3,FALSE),"") -> 2026/01 | E12: ADMINISTRAÇÃO LOCAL | F12: UN | G12: 1 | H12: =ROUND(J12/1.21,2) -> 247661.9 | I12: =ROUND(G12*H12,2) -> 247661.9 | J12: 299670.9 | K12: =ROUND(G12*J12,2) -> 299670.9 | L12: VIGIA NOTURNO TODOS OS DIAS DA SEMANA E VIGIA DIURNO E NOTURNO NOS FINAIS DE SEMANA PARA 6 MESES DE OBRA
A13: =LEN(B13) -> 15 | B13: 01.17.031/CDHUU | C13: =IFERROR(VLOOKUP(A13,$B$237:$D$252,2,FALSE),"") -> CPOS | D13: =IFERROR(VLOOKUP(A13,$B$237:$D$252,3,FALSE),"") -> 2025/11 | E13: Projeto executivo de arquitetura em formato A1 | F13: UN | G13: 4 | H13: =ROUND(J13/1.21,2) -> 3844.02 | I13: =ROUND(G13*H13,2) -> 15376.08 | J13: 4651.27 | K13: =ROUND(G13*J13,2) -> 18605.08 | L13: AS BUILT
A14: =LEN(B14) -> 15 | B14: 01.17.051/CDHUU | C14: =IFERROR(VLOOKUP(A14,$B$237:$D$252,2,FALSE),"") -> CPOS | D14: =IFERROR(VLOOKUP(A14,$B$237:$D$252,3,FALSE),"") -> 2025/11 | E14: Projeto executivo de estrutura em formato A1 | F14: UN | G14: 4 | H14: =ROUND(J14/1.21,2) -> 2772.01 | I14: =ROUND(G14*H14,2) -> 11088.04 | J14: 3354.13 | K14: =ROUND(G14*J14,2) -> 13416.52 | L14: ESTRUTURA METÁLICA DA COBERTURA E REFORÇO DA PLATIBANDA
A15: =LEN(B15) -> 16 | B15: SUBTOTAL (ETAPA) | K15: =SUM(K12:K14) -> 331692.5
A16: =LEN(B16) -> 1 | B16: 2 | C16: INSTALAÇÃO DO CANTEIRO DE OBRA
A17: =LEN(B17) -> 5 | B17: 02.01 | C17: DEMOLIÇÕES E RETIRADAS
A18: =LEN(B18) -> 6 | B18: 90444U | C18: =IFERROR(VLOOKUP(A18,$B$237:$D$252,2,FALSE),"") -> SINAPI | D18: =IFERROR(VLOOKUP(A18,$B$237:$D$252,3,FALSE),"") -> 2026/01 | E18: RASGO LINEAR MECANIZADO EM CONTRAPISO, PARA RAMAIS/ DISTRIBUIÇÃO DE INSTALAÇÕES HIDRÁULICAS, DIÂMETROS MENORES OU IGUAIS A 40 MM. AF_09/2023_PS | F18: M | G18: 90 | H18: =ROUND(J18/1.21,2) -> 10.46 | I18: =ROUND(G18*H18,2) -> 941.4 | J18: 12.66 | K18: =ROUND(G18*J18,2) -> 1139.4 | L18: VALA PARA PASSAGEM DA TUBULAÇÃO DE HIDRÁULICA 25 MM
A19: =LEN(B19) -> 6 | B19: 93358U | C19: =IFERROR(VLOOKUP(A19,$B$237:$D$252,2,FALSE),"") -> SINAPI | D19: =IFERROR(VLOOKUP(A19,$B$237:$D$252,3,FALSE),"") -> 2026/01 | E19: ESCAVAÇÃO MANUAL DE VALA. AF_09/2024 | F19: M3 | G19: 2.3 | H19: =ROUND(J19/1.21,2) -> 123.25 | I19: =ROUND(G19*H19,2) -> 283.48 | J19: 149.13 | K19: =ROUND(G19*J19,2) -> 343 | L19: VALA PARA PASSAGEM DAS TUBULAÇÕES DE ESGOTO E ÁGUAS PLUVIAIS
A20: =LEN(B20) -> 6 | B20: 97631U | C20: =IFERROR(VLOOKUP(A20,$B$237:$D$252,2,FALSE),"") -> SINAPI | D20: =IFERROR(VLOOKUP(A20,$B$237:$D$252,3,FALSE),"") -> 2026/01 | E20: DEMOLIÇÃO DE ARGAMASSAS, DE FORMA MANUAL, SEM REAPROVEITAMENTO. AF_09/2023 | F20: M2 | G20: 26 | H20: =ROUND(J20/1.21,2) -> 16.19 | I20: =ROUND(G20*H20,2) -> 420.94 | J20: 19.59 | K20: =ROUND(G20*J20,2) -> 509.34 | L20: DEMOLIÇÃO DO REVESTIMENTO DA PAREDE DA ESCADA DA CASA DE MAQUINAS
A21: =LEN(B21) -> 6 | B21: 97914U | C21: =IFERROR(VLOOKUP(A21,$B$237:$D$252,2,FALSE),"") -> SINAPI | D21: =IFERROR(VLOOKUP(A21,$B$237:$D$252,3,FALSE),"") -> 2026/01 | E21: TRANSPORTE COM CAMINHÃO BASCULANTE DE 6 M³, EM VIA URBANA PAVIMENTADA, DMT ATÉ 30 KM (UNIDADE: M3XKM). AF_07/2020 | F21: M3XKM | G21: 101.4 | H21: =ROUND(J21/1.21,2) -> 3.25 | I21: =ROUND(G21*H21,2) -> 329.55 | J21: 3.93 | K21: =ROUND(G21*J21,2) -> 398.5 | L21: TRANSPORTE DOS GRADIS RETIRADOS ATÉ A SEMOP
A22: =LEN(B22) -> 6 | B22: 98525U | C22: =IFERROR(VLOOKUP(A22,$B$237:$D$252,2,FALSE),"") -> SINAPI | D22: =IFERROR(VLOOKUP(A22,$B$237:$D$252,3,FALSE),"") -> 2026/01 | E22: LIMPEZA MECANIZADA DE CAMADA VEGETAL, VEGETAÇÃO E PEQUENAS ÁRVORES (DIÂMETRO DE TRONCO MENOR QUE 0,20 M), COM TRATOR DE ESTEIRAS. AF_03/2024 | F22: M2 | G22: 50 | H22: =ROUND(J22/1.21,2) -> 0.76 | I22: =ROUND(G22*H22,2) -> 38 | J22: 0.92 | K22: =ROUND(G22*J22,2) -> 46 | L22: LIMPEZA DA GRAMA ONDE SERÁ FEITA A COBERTURA
A23: =LEN(B23) -> 7 | B23: 100981U | C23: =IFERROR(VLOOKUP(A23,$B$237:$D$252,2,FALSE),"") -> SINAPI | D23: =IFERROR(VLOOKUP(A23,$B$237:$D$252,3,FALSE),"") -> 2026/01 | E23: CARGA, MANOBRA E DESCARGA DE ENTULHO EM CAMINHÃO BASCULANTE 6 M³ - CARGA COM ESCAVADEIRA HIDRÁULICA (CAÇAMBA DE 0,80 M³ / 111 HP) E DESCARGA LIVRE (UNIDADE: M3). AF_07/2020 | F23: M3 | G23: 9.57 | H23: =ROUND(J23/1.21,2) -> 10.44 | I23: =ROUND(G23*H23,2) -> 99.91 | J23: 12.63 | K23: =ROUND(G23*J23,2) -> 120.87 | L23: CARGA DOS GRADIS RETIRADOS
A24: =LEN(B24) -> 7 | B24: 104790U | C24: =IFERROR(VLOOKUP(A24,$B$237:$D$252,2,FALSE),"") -> SINAPI | D24: =IFERROR(VLOOKUP(A24,$B$237:$D$252,3,FALSE),"") -> 2026/01 | E24: DEMOLIÇÃO DE PISO DE CONCRETO SIMPLES, DE FORMA MECANIZADA COM MARTELETE, SEM REAPROVEITAMENTO. AF_09/2023 | F24: M3 | G24: 3.5 | H24: =ROUND(J24/1.21,2) -> 132.89 | I24: =ROUND(G24*H24,2) -> 465.12 | J24: 160.8 | K24: =ROUND(G24*J24,2) -> 562.8 | L24: DEMOLIÇÃO DE PISO DA PISCINA P/ PISO DUCHA, BALDRAME, SAPATAS E PILARES DE REFORÇO DA PLATIBANDA
A25: =LEN(B25) -> 15 | B25: 04.09.100/CDHUU | C25: =IFERROR(VLOOKUP(A25,$B$237:$D$252,2,FALSE),"") -> CPOS | D25: =IFERROR(VLOOKUP(A25,$B$237:$D$252,3,FALSE),"") -> 2025/11 | E25: Retirada de guarda-corpo ou gradil em geral | F25: M2 | G25: 147.17 | H25: =ROUND(J25/1.21,2) -> 46.93 | I25: =ROUND(G25*H25,2) -> 6906.69 | J25: 56.78 | K25: =ROUND(G25*J25,2) -> 8356.31 | L25: RETIRADA DOS GRADIS LATERAIS CONFORME PLANTA QUANTITATIVO
A26: =LEN(B26) -> 15 | B26: 05.07.040/CDHUU | C26: =IFERROR(VLOOKUP(A26,$B$237:$D$252,2,FALSE),"") -> CPOS | D26: =IFERROR(VLOOKUP(A26,$B$237:$D$252,3,FALSE),"") -> 2025/11 | E26: Remoção de entulho separado de obra com caçamba metálica - terra, alvenaria, concreto, argamassa, madeira, papel, plástico ou metal | F26: M3 | G26: 20 | H26: =ROUND(J26/1.21,2) -> 117.21 | I26: =ROUND(G26*H26,2) -> 2344.2 | J26: 141.83 | K26: =ROUND(G26*J26,2) -> 2836.6 | L26: REMOÇÃO DO ENTULHO GERAL DA OBRA
A27: =LEN(B27) -> 5 | B27: 02.02 | C27: TAPUMES E ALOJAMENTOS
A28: =LEN(B28) -> 6 | B28: 104896 | C28: SINAPI | D28: 2025/11 | E28: COMPOSIÇÃO PARAMÉTRICA DE EXECUÇÃO DE REFEITÓRIO EM CANTEIRO DE OBRAS, FORA DA PROJEÇÃO DA LAJE, EM CHAPA DE MADEIRA COMPENSADA, NÃO INCLUSO MOBILIÁRIO E EQUIPAMENTOS | F28: M2 | G28: 20 | H28: =ROUND(J28/1.21,2) -> 805.87 | I28: =ROUND(G28*H28,2) -> 16117.4 | J28: 975.1 | K28: =ROUND(G28*J28,2) -> 19502 | L28: REFEITÓRIO PARA OS FUNCIONÁRIOS
A29: =LEN(B29) -> 6 | B29: 98459U | C29: =IFERROR(VLOOKUP(A29,$B$237:$D$252,2,FALSE),"") -> SINAPI | D29: =IFERROR(VLOOKUP(A29,$B$237:$D$252,3,FALSE),"") -> 2026/01 | E29: TAPUME COM TELHA METÁLICA. AF_03/2024 | F29: M2 | G29: 180.5 | H29: =ROUND(J29/1.21,2) -> 96.36 | I29: =ROUND(G29*H29,2) -> 17392.98 | J29: 116.6 | K29: =ROUND(G29*J29,2) -> 21046.3 | L29: TAPUME NO ENTORNO DE TODA OBRA CONFORME PLANTA QUANTITATIVO
A30: =LEN(B30) -> 7 | B30: 103689U | C30: =IFERROR(VLOOKUP(A30,$B$237:$D$252,2,FALSE),"") -> SINAPI | D30: =IFERROR(VLOOKUP(A30,$B$237:$D$252,3,FALSE),"") -> 2026/01 | E30: FORNECIMENTO E INSTALAÇÃO DE PLACA DE OBRA COM CHAPA GALVANIZADA E ESTRUTURA DE MADEIRA. AF_03/2022_PS | F30: M2 | G30: 6 | H30: =ROUND(J30/1.21,2) -> 474.47 | I30: =ROUND(G30*H30,2) -> 2846.82 | J30: 574.11 | K30: =ROUND(G30*J30,2) -> 3444.66 | L30: PLACA DE OBRA
A31: =LEN(B31) -> 15 | B31: 02.02.140/CDHUU | C31: =IFERROR(VLOOKUP(A31,$B$237:$D$252,2,FALSE),"") -> CPOS | D31: =IFERROR(VLOOKUP(A31,$B$237:$D$252,3,FALSE),"") -> 2025/11 | E31: Locação de container tipo sanitário com 2 vasos sanitários, 2 lavatórios, 2 mictórios e 4 pontos para chuveiro - área mínima de 13,80 m² | F31: unmes | G31: 6 | H31: =ROUND(J31/1.21,2) -> 1563.31 | I31: =ROUND(G31*H31,2) -> 9379.86 | J31: 1891.61 | K31: =ROUND(G31*J31,2) -> 11349.66 | L31: BANHEIRO PARA UTILIZAÇÃO DOS FUNCIONÁRIOS DA OBRA
A32: =LEN(B32) -> 15 | B32: 02.02.150/CDHUU | C32: =IFERROR(VLOOKUP(A32,$B$237:$D$252,2,FALSE),"") -> CPOS | D32: =IFERROR(VLOOKUP(A32,$B$237:$D$252,3,FALSE),"") -> 2025/11 | E32: Locação de container tipo depósito - área mínima de 13,80 m² | F32: unmes | G32: 6 | H32: =ROUND(J32/1.21,2) -> 1019.25 | I32: =ROUND(G32*H32,2) -> 6115.5 | J32: 1233.29 | K32: =ROUND(G32*J32,2) -> 7399.74 | L32: CONTAINER PARA ARMAZENADMENTO DE FERRAMENTAS E MATERIAIS
A33: =LEN(B33) -> 15 | B33: 02.05.060/CDHUU | C33: =IFERROR(VLOOKUP(A33,$B$237:$D$252,2,FALSE),"") -> CPOS | D33: =IFERROR(VLOOKUP(A33,$B$237:$D$252,3,FALSE),"") -> 2025/11 | E33: Montagem e desmontagem de andaime torre metálica com altura até 10 m | F33: M | G33: 100 | H33: =ROUND(J33/1.21,2) -> 15.71 | I33: =ROUND(G33*H33,2) -> 1571 | J33: 19.01 | K33: =ROUND(G33*J33,2) -> 1901 | L33: ANDAIME PARA PINTURA, MONTAGEM DA PELE DE VIDRO E ACM
A34: =LEN(B34) -> 15 | B34: 02.05.202/CDHUU | C34: =IFERROR(VLOOKUP(A34,$B$237:$D$252,2,FALSE),"") -> CPOS | D34: =IFERROR(VLOOKUP(A34,$B$237:$D$252,3,FALSE),"") -> 2025/11 | E34: Andaime torre metálico (1,5 x 1,5 m) com piso metálico | F34: MXMES | G34: 100 | H34: =ROUND(J34/1.21,2) -> 30.87 | I34: =ROUND(G34*H34,2) -> 3087 | J34: 37.35 | K34: =ROUND(G34*J34,2) -> 3735 | L34: ANDAIME PARA PINTURA, MONTAGEM DA PELE DE VIDRO E ACM
A35: =LEN(B35) -> 5 | B35: 02.03 | C35: LOCAÇÃO DE OBRA
A36: =LEN(B36) -> 15 | B36: 02.10.020/CDHUU | C36: =IFERROR(VLOOKUP(A36,$B$237:$D$252,2,FALSE),"") -> CPOS | D36: =IFERROR(VLOOKUP(A36,$B$237:$D$252,3,FALSE),"") -> 2025/11 | E36: Locação de obra de edificação | F36: M2 | G36: 60.22 | H36: =ROUND(J36/1.21,2) -> 19.38 | I36: =ROUND(G36*H36,2) -> 1167.06 | J36: 23.45 | K36: =ROUND(G36*J36,2) -> 1412.16 | L36: LOCAÇÃO DO LOCAL ONDE SERÁ REALIZADA A COBERTURA LATERAL NOVA
A37: =LEN(B37) -> 16 | B37: SUBTOTAL (ETAPA) | K37: =SUM(K18:K36) -> 84103.34
A38: =LEN(B38) -> 1 | B38: 3 | C38: INFRAESTRUTURA
A39: =LEN(B39) -> 5 | B39: 03.01 | C39: SERVIÇOS GERAIS DE FUNDAÇÃO - COBERTURA LATERAL
A40: =LEN(B40) -> 6 | B40: 93382U | C40: =IFERROR(VLOOKUP(A40,$B$237:$D$252,2,FALSE),"") -> SINAPI | D40: =IFERROR(VLOOKUP(A40,$B$237:$D$252,3,FALSE),"") -> 2026/01 | E40: REATERRO MANUAL DE VALAS, COM COMPACTADOR DE SOLOS DE PERCUSSÃO. AF_08/2023 | F40: M3 | G40: 13.4 | H40: =ROUND(J40/1.21,2) -> 35.72 | I40: =ROUND(G40*H40,2) -> 478.65 | J40: 43.22 | K40: =ROUND(G40*J40,2) -> 579.15 | L40: REATERRO DAS VALAS DAS SAPATAS
A41: =LEN(B41) -> 6 | B41: 96523U | C41: =IFERROR(VLOOKUP(A41,$B$237:$D$252,2,FALSE),"") -> SINAPI | D41: =IFERROR(VLOOKUP(A41,$B$237:$D$252,3,FALSE),"") -> 2026/01 | E41: ESCAVAÇÃO MANUAL PARA BLOCO DE COROAMENTO OU SAPATA (INCLUINDO ESCAVAÇÃO PARA COLOCAÇÃO DE FÔRMAS). AF_01/2024 | F41: M3 | G41: 14.4 | H41: =ROUND(J41/1.21,2) -> 132.06 | I41: =ROUND(G41*H41,2) -> 1901.66 | J41: 159.79 | K41: =ROUND(G41*J41,2) -> 2300.98 | L41: ESCAVAÇÃO PARA EXECUÇÃO DAS SAPATAS
A42: =LEN(B42) -> 6 | B42: 97914U | C42: =IFERROR(VLOOKUP(A42,$B$237:$D$252,2,FALSE),"") -> SINAPI | D42: =IFERROR(VLOOKUP(A42,$B$237:$D$252,3,FALSE),"") -> 2026/01 | E42: TRANSPORTE COM CAMINHÃO BASCULANTE DE 6 M³, EM VIA URBANA PAVIMENTADA, DMT ATÉ 30 KM (UNIDADE: M3XKM). AF_07/2020 | F42: M3XKM | G42: 8.71 | H42: =ROUND(J42/1.21,2) -> 3.25 | I42: =ROUND(G42*H42,2) -> 28.31 | J42: 3.93 | K42: =ROUND(G42*J42,2) -> 34.23 | L42: TRANSPORTE DO SOLO EXCEDENTE NÃO UTILIZADO NO REATERRO
A43: =LEN(B43) -> 7 | B43: 100973U | C43: =IFERROR(VLOOKUP(A43,$B$237:$D$252,2,FALSE),"") -> SINAPI | D43: =IFERROR(VLOOKUP(A43,$B$237:$D$252,3,FALSE),"") -> 2026/01 | E43: CARGA, MANOBRA E DESCARGA DE SOLOS E MATERIAIS GRANULARES EM CAMINHÃO BASCULANTE 6 M³ - CARGA COM PÁ CARREGADEIRA (CAÇAMBA DE 1,7 A 2,8 M³ / 128 HP) E DESCARGA LIVRE (UNIDADE: M3). AF_07/2020 | F43: M3 | G43: 1.3 | H43: =ROUND(J43/1.21,2) -> 9.64 | I43: =ROUND(G43*H43,2) -> 12.53 | J43: 11.66 | K43: =ROUND(G43*J43,2) -> 15.16 | L43: CARGA DO SOLO EXCEDENTE
A44: =LEN(B44) -> 7 | B44: 101619U | C44: =IFERROR(VLOOKUP(A44,$B$237:$D$252,2,FALSE),"") -> SINAPI | D44: =IFERROR(VLOOKUP(A44,$B$237:$D$252,3,FALSE),"") -> 2026/01 | E44: PREPARO DE FUNDO DE VALA COM LARGURA MENOR QUE 1,5 M, COM CAMADA DE BRITA, LANÇAMENTO MANUAL. AF_08/2020 | F44: M3 | G44: 0.3 | H44: =ROUND(J44/1.21,2) -> 287.19 | I44: =ROUND(G44*H44,2) -> 86.16 | J44: 347.5 | K44: =ROUND(G44*J44,2) -> 104.25 | L44: LASTRO DE BRITA PARA FUNDO DAS SAPATAS
A45: =LEN(B45) -> 5 | B45: 03.02 | C45: FÔRMAS - COBERTURA LATERAL
A46: =LEN(B46) -> 6 | B46: 96535U | C46: =IFERROR(VLOOKUP(A46,$B$237:$D$252,2,FALSE),"") -> SINAPI | D46: =IFERROR(VLOOKUP(A46,$B$237:$D$252,3,FALSE),"") -> 2026/01 | E46: FABRICAÇÃO, MONTAGEM E DESMONTAGEM DE FÔRMA PARA SAPATA, EM MADEIRA SERRADA, E=25 MM, 4 UTILIZAÇÕES. AF_01/2024 | F46: M2 | G46: 8.9 | H46: =ROUND(J46/1.21,2) -> 161.91 | I46: =ROUND(G46*H46,2) -> 1441 | J46: 195.91 | K46: =ROUND(G46*J46,2) -> 1743.6 | L46: FÔRMA PARA AS SAPATAS
A47: =LEN(B47) -> 5 | B47: 03.03 | C47: ARMADURAS - COBERTURA LATERAL
A48: =LEN(B48) -> 7 | B48: 104917U | C48: =IFERROR(VLOOKUP(A48,$B$237:$D$252,2,FALSE),"") -> SINAPI | D48: =IFERROR(VLOOKUP(A48,$B$237:$D$252,3,FALSE),"") -> 2026/01 | E48: ARMAÇÃO DE SAPATA ISOLADA, VIGA BALDRAME E SAPATA CORRIDA UTILIZANDO AÇO CA-50 DE 6,3 MM - MONTAGEM. AF_01/2024 | F48: KG | G48: 19.6 | H48: =ROUND(J48/1.21,2) -> 15.33 | I48: =ROUND(G48*H48,2) -> 300.47 | J48: 18.55 | K48: =ROUND(G48*J48,2) -> 363.58 | L48: ARMADURA DAS SAPATAS AÇO 6.3 MM
A49: =LEN(B49) -> 7 | B49: 104919U | C49: =IFERROR(VLOOKUP(A49,$B$237:$D$252,2,FALSE),"") -> SINAPI | D49: =IFERROR(VLOOKUP(A49,$B$237:$D$252,3,FALSE),"") -> 2026/01 | E49: ARMAÇÃO DE SAPATA ISOLADA, VIGA BALDRAME E SAPATA CORRIDA UTILIZANDO AÇO CA-50 DE 10 MM - MONTAGEM. AF_01/2024 | F49: KG | G49: 16.2 | H49: =ROUND(J49/1.21,2) -> 11.83 | I49: =ROUND(G49*H49,2) -> 191.65 | J49: 14.31 | K49: =ROUND(G49*J49,2) -> 231.82 | L49: ARMADURA DOS PILARES DE ARRANQUE AÇO 10 MM
A50: =LEN(B50) -> 5 | B50: 03.04 | C50: CONCRETO - COBERTURA LATERAL
A51: =LEN(B51) -> 6 | B51: 96558U | C51: COMPOSIÇÃO | D51: =IFERROR(VLOOKUP(A51,$B$237:$D$252,3,FALSE),"") -> 2026/01 | E51: CONCRETAGEM DE SAPATA, FCK 30 MPA, COM USO DE BOMBA - LANÇAMENTO, ADENSAMENTO E ACABAMENTO. AF_01/2024 | F51: M3 | G51: 1 | H51: =ROUND(J51/1.21,2) -> 672.47 | I51: =ROUND(G51*H51,2) -> 672.47 | J51: 813.69 | K51: =ROUND(G51*J51,2) -> 813.69 | L51: CONCRETAGEM DAS SAPATAS INCLUINDO OS PILARES DE ARRANQUE
A52: =LEN(B52) -> 5 | B52: 03.05 | C52: SERVIÇOS GERAIS - REFORÇO PELE DE VIDRO | L52: FUNDAÇÃO PARA APOIO DA PELE DE VIDRO LATERAIS DA PISCINA
A53: =LEN(B53) -> 6 | B53: 93382U | C53: =IFERROR(VLOOKUP(A53,$B$237:$D$252,2,FALSE),"") -> SINAPI | D53: =IFERROR(VLOOKUP(A53,$B$237:$D$252,3,FALSE),"") -> 2026/01 | E53: REATERRO MANUAL DE VALAS, COM COMPACTADOR DE SOLOS DE PERCUSSÃO. AF_08/2023 | F53: M3 | G53: 16.02 | H53: =ROUND(J53/1.21,2) -> 35.72 | I53: =ROUND(G53*H53,2) -> 572.23 | J53: 43.22 | K53: =ROUND(G53*J53,2) -> 692.38 | L53: REATERRO DAS VALAS DAS SAPATAS E VIGAS BALDRAME
A54: =LEN(B54) -> 6 | B54: 96523U | C54: =IFERROR(VLOOKUP(A54,$B$237:$D$252,2,FALSE),"") -> SINAPI | D54: =IFERROR(VLOOKUP(A54,$B$237:$D$252,3,FALSE),"") -> 2026/01 | E54: ESCAVAÇÃO MANUAL PARA BLOCO DE COROAMENTO OU SAPATA (INCLUINDO ESCAVAÇÃO PARA COLOCAÇÃO DE FÔRMAS). AF_01/2024 | F54: M3 | G54: 9.6 | H54: =ROUND(J54/1.21,2) -> 132.06 | I54: =ROUND(G54*H54,2) -> 1267.78 | J54: 159.79 | K54: =ROUND(G54*J54,2) -> 1533.98 | L54: ESCAVAÇÃO PARA EXECUÇÃO DAS SAPATAS
A55: =LEN(B55) -> 6 | B55: 96525U | C55: =IFERROR(VLOOKUP(A55,$B$237:$D$252,2,FALSE),"") -> SINAPI | D55: =IFERROR(VLOOKUP(A55,$B$237:$D$252,3,FALSE),"") -> 2026/01 | E55: ESCAVAÇÃO MECANIZADA PARA VIGA BALDRAME OU SAPATA CORRIDA COM MINI-ESCAVADEIRA (INCLUINDO ESCAVAÇÃO PARA COLOCAÇÃO DE FÔRMAS). AF_01/2024 | F55: M3 | G55: 10.58 | H55: =ROUND(J55/1.21,2) -> 67.64 | I55: =ROUND(G55*H55,2) -> 715.63 | J55: 81.84 | K55: =ROUND(G55*J55,2) -> 865.87 | L55: ESCAVAÇÃO DAS VALAS DAS VIGAS BALDRAME
A56: =LEN(B56) -> 6 | B56: 97914U | C56: =IFERROR(VLOOKUP(A56,$B$237:$D$252,2,FALSE),"") -> SINAPI | D56: =IFERROR(VLOOKUP(A56,$B$237:$D$252,3,FALSE),"") -> 2026/01 | E56: TRANSPORTE COM CAMINHÃO BASCULANTE DE 6 M³, EM VIA URBANA PAVIMENTADA, DMT ATÉ 30 KM (UNIDADE: M3XKM). AF_07/2020 | F56: M3XKM | G56: 36.23 | H56: =ROUND(J56/1.21,2) -> 3.25 | I56: =ROUND(G56*H56,2) -> 117.75 | J56: 3.93 | K56: =ROUND(G56*J56,2) -> 142.38 | L56: TRANSPORTE DO SOLO EXCEDENTE NÃO UTILIZADO NO REATERRO
A57: =LEN(B57) -> 7 | B57: 100973U | C57: =IFERROR(VLOOKUP(A57,$B$237:$D$252,2,FALSE),"") -> SINAPI | D57: =IFERROR(VLOOKUP(A57,$B$237:$D$252,3,FALSE),"") -> 2026/01 | E57: CARGA, MANOBRA E DESCARGA DE SOLOS E MATERIAIS GRANULARES EM CAMINHÃO BASCULANTE 6 M³ - CARGA COM PÁ CARREGADEIRA (CAÇAMBA DE 1,7 A 2,8 M³ / 128 HP) E DESCARGA LIVRE (UNIDADE: M3). AF_07/2020 | F57: M3 | G57: 5.41 | H57: =ROUND(J57/1.21,2) -> 9.64 | I57: =ROUND(G57*H57,2) -> 52.15 | J57: 11.66 | K57: =ROUND(G57*J57,2) -> 63.08 | L57: CARGA DO SOLO EXCEDENTE
A58: =LEN(B58) -> 7 | B58: 101619U | C58: =IFERROR(VLOOKUP(A58,$B$237:$D$252,2,FALSE),"") -> SINAPI | D58: =IFERROR(VLOOKUP(A58,$B$237:$D$252,3,FALSE),"") -> 2026/01 | E58: PREPARO DE FUNDO DE VALA COM LARGURA MENOR QUE 1,5 M, COM CAMADA DE BRITA, LANÇAMENTO MANUAL. AF_08/2020 | F58: M3 | G58: 1.71 | H58: =ROUND(J58/1.21,2) -> 287.19 | I58: =ROUND(G58*H58,2) -> 491.09 | J58: 347.5 | K58: =ROUND(G58*J58,2) -> 594.23 | L58: LASTRO DE BRITA PARA FUNDO DAS SAPATAS E VIGAS BALDRAME
A59: =LEN(B59) -> 5 | B59: 03.06 | C59: FÔRMAS - REFORÇO PELE DE VIDRO
A60: =LEN(B60) -> 6 | B60: 96535U | C60: =IFERROR(VLOOKUP(A60,$B$237:$D$252,2,FALSE),"") -> SINAPI | D60: =IFERROR(VLOOKUP(A60,$B$237:$D$252,3,FALSE),"") -> 2026/01 | E60: FABRICAÇÃO, MONTAGEM E DESMONTAGEM DE FÔRMA PARA SAPATA, EM MADEIRA SERRADA, E=25 MM, 4 UTILIZAÇÕES. AF_01/2024 | F60: M2 | G60: 5.96 | H60: =ROUND(J60/1.21,2) -> 161.91 | I60: =ROUND(G60*H60,2) -> 964.98 | J60: 195.91 | K60: =ROUND(G60*J60,2) -> 1167.62 | L60: FÔRMA PARA AS SAPATAS
A61: =LEN(B61) -> 6 | B61: 96536U | C61: =IFERROR(VLOOKUP(A61,$B$237:$D$252,2,FALSE),"") -> SINAPI | D61: =IFERROR(VLOOKUP(A61,$B$237:$D$252,3,FALSE),"") -> 2026/01 | E61: FABRICAÇÃO, MONTAGEM E DESMONTAGEM DE FÔRMA PARA VIGA BALDRAME, EM MADEIRA SERRADA, E=25 MM, 4 UTILIZAÇÕES. AF_01/2024 | F61: M2 | G61: 32.42 | H61: =ROUND(J61/1.21,2) -> 79.6 | I61: =ROUND(G61*H61,2) -> 2580.63 | J61: 96.32 | K61: =ROUND(G61*J61,2) -> 3122.69 | L61: FÔRMA PARA O BALDRAME
A62: =LEN(B62) -> 5 | B62: 03.07 | C62: ARMADURAS - REFORÇO PELE DE VIDRO
A63: =LEN(B63) -> 7 | B63: 104917U | C63: =IFERROR(VLOOKUP(A63,$B$237:$D$252,2,FALSE),"") -> SINAPI | D63: =IFERROR(VLOOKUP(A63,$B$237:$D$252,3,FALSE),"") -> 2026/01 | E63: ARMAÇÃO DE SAPATA ISOLADA, VIGA BALDRAME E SAPATA CORRIDA UTILIZANDO AÇO CA-50 DE 6,3 MM - MONTAGEM. AF_01/2024 | F63: KG | G63: 72.8 | H63: =ROUND(J63/1.21,2) -> 15.33 | I63: =ROUND(G63*H63,2) -> 1116.02 | J63: 18.55 | K63: =ROUND(G63*J63,2) -> 1350.44 | L63: ARMADURA DAS SAPATAS E VIGAS BALDRAME AÇO 6.3 MM
A64: =LEN(B64) -> 7 | B64: 104919U | C64: =IFERROR(VLOOKUP(A64,$B$237:$D$252,2,FALSE),"") -> SINAPI | D64: =IFERROR(VLOOKUP(A64,$B$237:$D$252,3,FALSE),"") -> 2026/01 | E64: ARMAÇÃO DE SAPATA ISOLADA, VIGA BALDRAME E SAPATA CORRIDA UTILIZANDO AÇO CA-50 DE 10 MM - MONTAGEM. AF_01/2024 | F64: KG | G64: 184.9 | H64: =ROUND(J64/1.21,2) -> 11.83 | I64: =ROUND(G64*H64,2) -> 2187.37 | J64: 14.31 | K64: =ROUND(G64*J64,2) -> 2645.92 | L64: ARMADURA DOS PILARES DE ARRANQUE E VIGAS BALDRAME AÇO 10 MM
A65: =LEN(B65) -> 5 | B65: 03.08 | C65: CONCRETO - REFORÇO PELE DE VIDRO
A66: =LEN(B66) -> 6 | B66: 96557U | C66: =IFERROR(VLOOKUP(A66,$B$237:$D$252,2,FALSE),"") -> SINAPI | D66: =IFERROR(VLOOKUP(A66,$B$237:$D$252,3,FALSE),"") -> 2026/01 | E66: CONCRETAGEM DE BLOCO DE COROAMENTO OU VIGA BALDRAME, FCK 30 MPA, COM USO DE BOMBA - LANÇAMENTO, ADENSAMENTO E ACABAMENTO. AF_01/2024 | F66: M3 | G66: 2.4 | H66: =ROUND(J66/1.21,2) -> 636.58 | I66: =ROUND(G66*H66,2) -> 1527.79 | J66: 770.26 | K66: =ROUND(G66*J66,2) -> 1848.62 | L66: CONCRETAGEM DAS VIGAS BALDRAME
A67: =LEN(B67) -> 6 | B67: 96558U | C67: =IFERROR(VLOOKUP(A67,$B$237:$D$252,2,FALSE),"") -> SINAPI | D67: =IFERROR(VLOOKUP(A67,$B$237:$D$252,3,FALSE),"") -> 2026/01 | E67: CONCRETAGEM DE SAPATA, FCK 30 MPA, COM USO DE BOMBA - LANÇAMENTO, ADENSAMENTO E ACABAMENTO. AF_01/2024 | F67: M3 | G67: 0.66 | H67: =ROUND(J67/1.21,2) -> 672.47 | I67: =ROUND(G67*H67,2) -> 443.83 | J67: 813.69 | K67: =ROUND(G67*J67,2) -> 537.04 | L67: CONCRETAGEM DAS SAPATAS INCLUINDO OS PILARES DE ARRANQUE
A68: =LEN(B68) -> 5 | B68: 03.09 | C68: ESTRUTURA METÁLICA | L68: ESTRUTURA METÁLICA PARA REFORÇO DA PLATIBANDA
A69: =LEN(B69) -> 15 | B69: 01.23.030/CDHUU | C69: =IFERROR(VLOOKUP(A69,$B$237:$D$252,2,FALSE),"") -> CPOS | D69: =IFERROR(VLOOKUP(A69,$B$237:$D$252,3,FALSE),"") -> 2025/11 | E69: Preparo de ponte de aderência com adesivo a base de epóxi | F69: M2 | G69: 0.15 | H69: =ROUND(J69/1.21,2) -> 167.88 | I69: =ROUND(G69*H69,2) -> 25.18 | J69: 203.14 | K69: =ROUND(G69*J69,2) -> 30.47 | L69: APLICAÇÃO DE COMPOUND NOS FUROS DOS INSERTS P/ ADERÊNCIA AO PISO
A70: =LEN(B70) -> 15 | B70: 01.23.254/CDHUU | C70: =IFERROR(VLOOKUP(A70,$B$237:$D$252,2,FALSE),"") -> CPOS | D70: =IFERROR(VLOOKUP(A70,$B$237:$D$252,3,FALSE),"") -> 2025/11 | E70: Furação de 1´ em concreto armado | F70: M | G70: 5 | H70: =ROUND(J70/1.21,2) -> 272.73 | I70: =ROUND(G70*H70,2) -> 1363.65 | J70: 330 | K70: =ROUND(G70*J70,2) -> 1650 | L70: FURAÇÃO DO PISO PARA INSTALAÇÃO DOS INSERTS
A71: =LEN(B71) -> 15 | B71: 15.03.131/CDHUU | C71: =IFERROR(VLOOKUP(A71,$B$237:$D$252,2,FALSE),"") -> CPOS | D71: =IFERROR(VLOOKUP(A71,$B$237:$D$252,3,FALSE),"") -> 2025/11 | E71: Fornecimento e montagem de estrutura em aço ASTM-A572 Grau 50, sem pintura | F71: KG | G71: 852 | H71: =ROUND(J71/1.21,2) -> 31.13 | I71: =ROUND(G71*H71,2) -> 26522.76 | J71: 37.67 | K71: =ROUND(G71*J71,2) -> 32094.84 | L71: ESTRUTURA METÁLICA (VIGA W E PILARES W) INCLUSO TAMBÉM PROJETO
A72: =LEN(B72) -> 15 | B72: 32.07.090/CDHUU | C72: =IFERROR(VLOOKUP(A72,$B$237:$D$252,2,FALSE),"") -> CPOS | D72: =IFERROR(VLOOKUP(A72,$B$237:$D$252,3,FALSE),"") -> 2025/11 | E72: Junta de dilatação ou vedação com mastique de silicone, 1,0 x 0,5 cm - inclusive guia de apoio em polietileno | F72: M | G72: 3.5 | H72: =ROUND(J72/1.21,2) -> 12.87 | I72: =ROUND(G72*H72,2) -> 45.05 | J72: 15.57 | K72: =ROUND(G72*J72,2) -> 54.5 | L72: MASTIQUE PARA VEDAÇÃO ENTRE OS INSETRS E O PISO
A73: =LEN(B73) -> 16 | B73: SUBTOTAL (ETAPA) | K73: =SUM(K40:K72) -> 54580.52
A74: =LEN(B74) -> 1 | B74: 4 | C74: PAREDES E PAINÉIS
A75: =LEN(B75) -> 5 | B75: 04.01 | C75: DRYWALL
A76: =LEN(B76) -> 7 | B76: 96369UU | C76: COMPOSIÇÃO | D76: =IFERROR(VLOOKUP(A76,$B$237:$D$252,3,FALSE),"") -> 2026/01 | E76: PAREDE COM SISTEMA EM CHAPAS DE GESSO PARA DRYWALL, USO INTERNO, COM DUAS FACES DUPLAS RESISTENTE Á UMIDADE E ESTRUTURA METÁLICA COM GUIAS DUPLAS PARA PAREDES COM ÁREA LÍQUIDA MAIOR OU IGUAL A 6 M2, COM VÃOS. AF_07/2023_PS | F76: M2 | G76: 29.3 | H76: =ROUND(J76/1.21,2) -> 223.76 | I76: =ROUND(G76*H76,2) -> 6556.17 | J76: 270.75 | K76: =ROUND(G76*J76,2) -> 7932.98 | L76: PAREDES DRYWALL DO DEPÓSITO E SALA DO PROFESSOR
A77: =LEN(B77) -> 16 | B77: SUBTOTAL (ETAPA) | K77: =SUM(K76) -> 7932.98
A78: =LEN(B78) -> 1 | B78: 5 | C78: ESQUADRIAS METÁLICAS
A79: =LEN(B79) -> 5 | B79: 05.01 | C79: PORTAS
A80: =LEN(B80) -> 15 | B80: 25.02.020/CDHUU | C80: =IFERROR(VLOOKUP(A80,$B$237:$D$252,2,FALSE),"") -> CPOS | D80: =IFERROR(VLOOKUP(A80,$B$237:$D$252,3,FALSE),"") -> 2025/11 | E80: Porta de entrada de abrir em alumínio, sob medida | F80: M2 | G80: 20.25 | H80: =ROUND(J80/1.21,2) -> 1136.46 | I80: =ROUND(G80*H80,2) -> 23013.32 | J80: 1375.12 | K80: =ROUND(G80*J80,2) -> 27846.18 | L80: PORTAS P8 E P9
A81: =LEN(B81) -> 15 | B81: 25.02.040/CDHUU | C81: =IFERROR(VLOOKUP(A81,$B$237:$D$252,2,FALSE),"") -> CPOS | D81: =IFERROR(VLOOKUP(A81,$B$237:$D$252,3,FALSE),"") -> 2025/11 | E81: Porta de entrada de correr em alumínio, sob medida | F81: M2 | G81: 5.06 | H81: =ROUND(J81/1.21,2) -> 1236.43 | I81: =ROUND(G81*H81,2) -> 6256.34 | J81: 1496.08 | K81: =ROUND(G81*J81,2) -> 7570.16 | L81: PORTA P4
A82: =LEN(B82) -> 15 | B82: 25.02.110/CDHUU | C82: =IFERROR(VLOOKUP(A82,$B$237:$D$252,2,FALSE),"") -> CPOS | D82: =IFERROR(VLOOKUP(A82,$B$237:$D$252,3,FALSE),"") -> 2025/11 | E82: Porta veneziana de abrir em alumínio, sob medida | F82: M2 | G82: 4.2 | H82: =ROUND(J82/1.21,2) -> 1271.97 | I82: =ROUND(G82*H82,2) -> 5342.27 | J82: 1539.08 | K82: =ROUND(G82*J82,2) -> 6464.14 | L82: PORTA P2
A83: =LEN(B83) -> 15 | B83: 26.01.169/CDHUU | C83: =IFERROR(VLOOKUP(A83,$B$237:$D$252,2,FALSE),"") -> CPOS | D83: =IFERROR(VLOOKUP(A83,$B$237:$D$252,3,FALSE),"") -> 2025/11 | E83: Vidro liso laminado incolor de 8 mm | F83: M2 | G83: 26.85 | H83: =ROUND(J83/1.21,2) -> 285.91 | I83: =ROUND(G83*H83,2) -> 7676.68 | J83: 345.95 | K83: =ROUND(G83*J83,2) -> 9288.76 | L83: VIDROS DAS PORTAS CONFORME PROJETO ARQUITETÔNICO
A84: =LEN(B84) -> 15 | B84: 28.20.850/CDHUU | C84: =IFERROR(VLOOKUP(A84,$B$237:$D$252,2,FALSE),"") -> CPOS | D84: =IFERROR(VLOOKUP(A84,$B$237:$D$252,3,FALSE),"") -> 2025/11 | E84: Barra antipânico para porta dupla com travamentos horizontal e vertical completa, com maçaneta tipo alavanca e chave, para vãos de 1,70 a 2,60 m | F84: CJ | G84: 3 | H84: =ROUND(J84/1.21,2) -> 1603.22 | I84: =ROUND(G84*H84,2) -> 4809.66 | J84: 1939.9 | K84: =ROUND(G84*J84,2) -> 5819.7 | L84: BARRAS DUPLAS PARA AS PORTAS EXTERNAS DE ENTRADA
A85: =LEN(B85) -> 5 | B85: 05.02 | C85: JANELAS
A86: =LEN(B86) -> 15 | B86: 25.01.060/CDHUU | C86: =IFERROR(VLOOKUP(A86,$B$237:$D$252,2,FALSE),"") -> CPOS | D86: =IFERROR(VLOOKUP(A86,$B$237:$D$252,3,FALSE),"") -> 2025/11 | E86: Caixilho em alumínio maxim-ar, sob medida | F86: M2 | G86: 49.1 | H86: =ROUND(J86/1.21,2) -> 1046.58 | I86: =ROUND(G86*H86,2) -> 51387.08 | J86: 1266.36 | K86: =ROUND(G86*J86,2) -> 62178.28 | L86: VIDRO DAS JANELAS MAXIM
A87: =LEN(B87) -> 15 | B87: 26.01.169/CDHUU | C87: =IFERROR(VLOOKUP(A87,$B$237:$D$252,2,FALSE),"") -> CPOS | D87: =IFERROR(VLOOKUP(A87,$B$237:$D$252,3,FALSE),"") -> 2025/11 | E87: Vidro liso laminado incolor de 8 mm | F87: M2 | G87: 49.1 | H87: =ROUND(J87/1.21,2) -> 285.91 | I87: =ROUND(G87*H87,2) -> 14038.18 | J87: 345.95 | K87: =ROUND(G87*J87,2) -> 16986.15 | L87: FORNECIMENTO E INSTALAÇÃO DAS JANELAS MAXIM AR
A88: =LEN(B88) -> 16 | B88: SUBTOTAL (ETAPA) | K88: =SUM(K80:K87) -> 136153.37
A89: =LEN(B89) -> 1 | B89: 6 | C89: COBERTURA
A90: =LEN(B90) -> 5 | B90: 06.01 | C90: ESTRUTURA METÁLICA
A91: =LEN(B91) -> 15 | B91: 15.03.030/CDHUU | C91: =IFERROR(VLOOKUP(A91,$B$237:$D$252,2,FALSE),"") -> CPOS | D91: =IFERROR(VLOOKUP(A91,$B$237:$D$252,3,FALSE),"") -> 2025/11 | E91: Fornecimento e montagem de estrutura em aço ASTM-A36, sem pintura | F91: KG | G91: 1088 | H91: =ROUND(J91/1.21,2) -> 28.72 | I91: =ROUND(G91*H91,2) -> 31247.36 | J91: 34.75 | K91: =ROUND(G91*J91,2) -> 37808 | L91: ESTRUTURA DA COBERTURA LATERAL (COMPLETA)
A92: =LEN(B92) -> 5 | B92: 06.02 | C92: TELHAS
A93: =LEN(B93) -> 15 | B93: 16.13.130/CDHUU | C93: =IFERROR(VLOOKUP(A93,$B$237:$D$252,2,FALSE),"") -> CPOS | D93: =IFERROR(VLOOKUP(A93,$B$237:$D$252,3,FALSE),"") -> 2025/11 | E93: Telhamento em chapa de aço com pintura poliéster, tipo sanduíche, espessura de 0,50 mm, com poliestireno expandido | F93: M2 | G93: 54.4 | H93: =ROUND(J93/1.21,2) -> 152.47 | I93: =ROUND(G93*H93,2) -> 8294.37 | J93: 184.49 | K93: =ROUND(G93*J93,2) -> 10036.26 | L93: TELHAMENTO DA COBERTURA LATERAL (NOVA)
A94: =LEN(B94) -> 5 | B94: 06.03 | C94: REDE DE ÁGUAS PLUVIAIS - RUFOS, CALHAS E CONDUTORES | L94: PLUVIAIS CONFORME LISTA DE MATERIAIS DE PROJETO
A95: =LEN(B95) -> 6 | B95: 89529U | C95: =IFERROR(VLOOKUP(A95,$B$237:$D$252,2,FALSE),"") -> SINAPI | D95: =IFERROR(VLOOKUP(A95,$B$237:$D$252,3,FALSE),"") -> 2026/01 | E95: JOELHO 90 GRAUS, PVC, SERIE R, ÁGUA PLUVIAL, DN 100 MM, JUNTA ELÁSTICA, FORNECIDO E INSTALADO EM RAMAL DE ENCAMINHAMENTO. AF_06/2022 | F95: UN | G95: 4 | H95: =ROUND(J95/1.21,2) -> 41.78 | I95: =ROUND(G95*H95,2) -> 167.12 | J95: 50.55 | K95: =ROUND(G95*J95,2) -> 202.2
A96: =LEN(B96) -> 6 | B96: 89531U | C96: =IFERROR(VLOOKUP(A96,$B$237:$D$252,2,FALSE),"") -> SINAPI | D96: =IFERROR(VLOOKUP(A96,$B$237:$D$252,3,FALSE),"") -> 2026/01 | E96: JOELHO 45 GRAUS, PVC, SERIE R, ÁGUA PLUVIAL, DN 100 MM, JUNTA ELÁSTICA, FORNECIDO E INSTALADO EM RAMAL DE ENCAMINHAMENTO. AF_06/2022 | F96: UN | G96: 4 | H96: =ROUND(J96/1.21,2) -> 43.01 | I96: =ROUND(G96*H96,2) -> 172.04 | J96: 52.04 | K96: =ROUND(G96*J96,2) -> 208.16
A97: =LEN(B97) -> 6 | B97: 89578U | C97: =IFERROR(VLOOKUP(A97,$B$237:$D$252,2,FALSE),"") -> SINAPI | D97: =IFERROR(VLOOKUP(A97,$B$237:$D$252,3,FALSE),"") -> 2026/01 | E97: TUBO PVC, SÉRIE R, ÁGUA PLUVIAL, DN 100 MM, FORNECIDO E INSTALADO EM CONDUTORES VERTICAIS DE ÁGUAS PLUVIAIS. AF_06/2022 | F97: M | G97: 30 | H97: =ROUND(J97/1.21,2) -> 40.58 | I97: =ROUND(G97*H97,2) -> 1217.4 | J97: 49.1 | K97: =ROUND(G97*J97,2) -> 1473
A98: =LEN(B98) -> 6 | B98: 89580U | C98: =IFERROR(VLOOKUP(A98,$B$237:$D$252,2,FALSE),"") -> SINAPI | D98: =IFERROR(VLOOKUP(A98,$B$237:$D$252,3,FALSE),"") -> 2026/01 | E98: TUBO PVC, SÉRIE R, ÁGUA PLUVIAL, DN 150 MM, FORNECIDO E INSTALADO EM CONDUTORES VERTICAIS DE ÁGUAS PLUVIAIS. AF_06/2022 | F98: M | G98: 20 | H98: =ROUND(J98/1.21,2) -> 83.54 | I98: =ROUND(G98*H98,2) -> 1670.8 | J98: 101.08 | K98: =ROUND(G98*J98,2) -> 2021.6
A99: =LEN(B99) -> 6 | B99: 89590U | C99: =IFERROR(VLOOKUP(A99,$B$237:$D$252,2,FALSE),"") -> SINAPI | D99: =IFERROR(VLOOKUP(A99,$B$237:$D$252,3,FALSE),"") -> 2026/01 | E99: JOELHO 90 GRAUS, PVC, SERIE R, ÁGUA PLUVIAL, DN 150 MM, JUNTA ELÁSTICA, FORNECIDO E INSTALADO EM CONDUTORES VERTICAIS DE ÁGUAS PLUVIAIS. AF_06/2022 | F99: UN | G99: 3 | H99: =ROUND(J99/1.21,2) -> 152.77 | I99: =ROUND(G99*H99,2) -> 458.31 | J99: 184.85 | K99: =ROUND(G99*J99,2) -> 554.55
A100: =LEN(B100) -> 6 | B100: 89591U | C100: =IFERROR(VLOOKUP(A100,$B$237:$D$252,2,FALSE),"") -> SINAPI | D100: =IFERROR(VLOOKUP(A100,$B$237:$D$252,3,FALSE),"") -> 2026/01 | E100: JOELHO 45 GRAUS, PVC, SERIE R, ÁGUA PLUVIAL, DN 150 MM, JUNTA ELÁSTICA, FORNECIDO E INSTALADO EM CONDUTORES VERTICAIS DE ÁGUAS PLUVIAIS. AF_06/2022 | F100: UN | G100: 6 | H100: =ROUND(J100/1.21,2) -> 149 | I100: =ROUND(G100*H100,2) -> 894 | J100: 180.29 | K100: =ROUND(G100*J100,2) -> 1081.74
...

Sheet CRONOGRAMA
A1: PREFETURA MUNICIPAL DE INDAIATUBA
A2: SECRETARIA MUNICIPAL DE PLANEJAMENTO URBANO E ENGENHARIA
A3: Estado de São Paulo
A5: CRONOGRAMA FÍSICO - FINANCEIRO
A6: Obra: FECHAMENTO DA PISCINA DO CENTRO ESPORTIVO JARDIM MORADA DO SOL REI PELÉ
A7: Orçamento: FECHAMENTO DA PISCINA DO CENTRO ESPORTIVO JARDIM MORADA DO SOL REI PELÉ
A8: Endereço: Estrada General Motors, 320 - Caldeira, Indaiatuba - SP
A9: ETAPAS | B9: V. dos Serv. | C9: % | D9: Mês 01 | E9: Mês 02 | F9: Mês 03 | G9: Mês 04 | H9: Mês 05 | I9: Mês 06
B10: R$ | D10: R$ | E10: R$ | F10: R$ | G10: R$ | H10: R$ | I10: R$
A11: =ORÇAMENTO!C10 -> SERVIÇOS INICIAIS | B11: =ORÇAMENTO!K15 -> 331692.5 | C11: =B11*100/$B$27 -> 15.870372 | D11: =$B$11/6 -> 55282.083 | E11: =D11 -> 55282.083 | F11: =E11 -> 55282.083 | G11: =F11 -> 55282.083 | H11: =G11 -> 55282.083 | I11: =H11 -> 55282.083 | J11: =SUM(D11:I11) -> 331692.5
A12: =ORÇAMENTO!C16 -> INSTALAÇÃO DO CANTEIRO DE OBRA | B12: =ORÇAMENTO!K37 -> 84103.34 | C12: =B12*100/$B$27 -> 4.0240623 | D12: =B12 -> 84103.34 | J12: =SUM(D12:I12) -> 84103.34
A13: =ORÇAMENTO!C38 -> INFRAESTRUTURA | B13: =ORÇAMENTO!K73 -> 54580.52 | C13: =B13*100/$B$27 -> 2.6114945 | D13: =B13*0.4 -> 21832.208 | E13: =B13*0.6 -> 32748.312 | J13: =SUM(D13:I13) -> 54580.52
A14: =ORÇAMENTO!C74 -> PAREDES E PAINÉIS | B14: =ORÇAMENTO!K77 -> 7932.98 | C14: =B14*100/$B$27 -> 0.37956644 | F14: =B14 -> 7932.98 | J14: =SUM(D14:I14) -> 7932.98
A15: =ORÇAMENTO!C78 -> ESQUADRIAS METÁLICAS | B15: =ORÇAMENTO!K88 -> 136153.37 | C15: =B15*100/$B$27 -> 6.5144813 | E15: =B15/2 -> 68076.685 | F15: =B15/2 -> 68076.685 | J15: =SUM(D15:I15) -> 136153.37
A16: =ORÇAMENTO!C89 -> COBERTURA | B16: =ORÇAMENTO!K104 -> 61681.4 | C16: =B16*100/$B$27 -> 2.9512478 | E16: =B16 -> 61681.4 | J16: =SUM(D16:I16) -> 61681.4
A17: =ORÇAMENTO!C105 -> REVESTIMENTO DE PAREDES INTERNAS | B17: =ORÇAMENTO!K111 -> 12868.46 | C17: =B17*100/$B$27 -> 0.61571258 | G17: =B17 -> 12868.46 | J17: =SUM(D17:I17) -> 12868.46
A18: =ORÇAMENTO!C112 -> IMPERMEABILIZAÇÃO | B18: =ORÇAMENTO!K119 -> 16393.56 | C18: =B18*100/$B$27 -> 0.78437677 | G18: =B18 -> 16393.56 | J18: =SUM(D18:I18) -> 16393.56
A19: =ORÇAMENTO!C120 -> PAINÉIS DE FECHAMENTO | B19: =ORÇAMENTO!K135 -> 1211580.5 | C19: =B19*100/$B$27 -> 57.970058 | F19: =B19/3 -> 403860.18 | G19: =B19/3 -> 403860.18 | H19: =B19/3 -> 403860.18 | J19: =SUM(D19:I19) -> 1211580.5
A20: =ORÇAMENTO!C136 -> PISOS INTERNOS | B20: =ORÇAMENTO!K146 -> 27820.11 | C20: =B20*100/$B$27 -> 1.3310988 | H20: =B20 -> 27820.11 | J20: =SUM(D20:I20) -> 27820.11
A21: =ORÇAMENTO!C147 -> INSTALAÇÕES HIDRÁULICAS | B21: =ORÇAMENTO!K169 -> 21875.69 | C21: =B21*100/$B$27 -> 1.0466783 | D21: =B21/2 -> 10937.845 | E21: =B21/2 -> 10937.845 | J21: =SUM(D21:I21) -> 21875.69
A22: =ORÇAMENTO!C170 -> INSTALAÇÕES ELÉTRICAS | B22: =ORÇAMENTO!K201 -> 40048.14 | C22: =B22*100/$B$27 -> 1.916169 | E22: =B22/2 -> 20024.07 | F22: =B22/2 -> 20024.07 | J22: =SUM(D22:I22) -> 40048.14
A23: =ORÇAMENTO!C202 -> PINTURA | B23: =ORÇAMENTO!K212 -> 34583.9 | C23: =B23*100/$B$27 -> 1.6547234 | G23: =B23 -> 34583.9 | J23: =SUM(D23:I23) -> 34583.9
A24: =ORÇAMENTO!C213 -> SERVIÇOS EXTERNOS | B24: =ORÇAMENTO!K228 -> 23074.74 | C24: =B24*100/$B$27 -> 1.1040488 | H24: =B24/2 -> 11537.37 | I24: =B24/2 -> 11537.37 | J24: =SUM(D24:I24) -> 23074.74
A25: =ORÇAMENTO!C229 -> LIMPEZA DE OBRA | B25: =ORÇAMENTO!K233 -> 25621.65 | C25: =B25*100/$B$27 -> 1.2259099 | I25: =B25 -> 25621.65 | J25: =SUM(D25:I25) -> 25621.65
A26: Sub Total Mensal | B26: =IFERROR(VLOOKUP(#REF!,ORÇAMENTO!$B$10:$K$235,3,FALSE),"") | D26: =SUM(D11:D25) -> 172155.48 | E26: =SUM(E11:E25) -> 248750.4 | F26: =SUM(F11:F25) -> 555176 | G26: =SUM(G11:G25) -> 522988.18 | H26: =SUM(H11:H25) -> 498499.74 | I26: =SUM(I11:I25) -> 92441.103 | J26: =SUM(D26:I26) -> 2090010.9
A27: Total Acumulado | B27: =SUM(B11:B25) -> 2090010.9 | C27: =SUM(C11:C25) -> 100 | D27: =D26 -> 172155.48 | E27: =D27+E26 -> 420905.87 | F27: =E27+F26 -> 976081.87 | G27: =F27+G26 -> 1499070.1 | H27: =G27+H26 -> 1997569.8 | I27: =H27+I26 -> 2090010.9
B28: =IFERROR(VLOOKUP(SUBTOTAL (ETAPA),ORÇAMENTO!$B$10:$K$235,10,FALSE),"")
A29: % Físico Mês | B29: =IFERROR(VLOOKUP(SUBTOTAL (ETAPA),ORÇAMENTO!$B$10:$K$235,10,FALSE),"") | D29: =D26/$B$27 -> 0.082370612 | E29: =E26/$B$27 -> 0.11901871 | F29: =F26/$B$27 -> 0.26563306 | G29: =G26/$B$27 -> 0.25023228 | H29: =H26/$B$27 -> 0.23851538 | I29: =I26/$B$27 -> 0.044229962
A30: % Físico Acumulado | B30: =IFERROR(VLOOKUP(SUBTOTAL (ETAPA),ORÇAMENTO!$B$10:$K$235,10,FALSE),"") | D30: =D27/B27 -> 0.082370612 | E30: =D30+E29 -> 0.20138932 | F30: =E30+F29 -> 0.46702238 | G30: =F30+G29 -> 0.71725466 | H30: =G30+H29 -> 0.95577004 | I30: =H30+I29 -> 1
A31: % Financeiro Mês | B31: =IFERROR(VLOOKUP(SUBTOTAL (ETAPA),ORÇAMENTO!$B$10:$K$235,10,FALSE),"") | D31: =D29 -> 0.082370612 | E31: =E29 -> 0.11901871 | F31: =F29 -> 0.26563306 | G31: =G29 -> 0.25023228 | H31: =H29 -> 0.23851538 | I31: =I29 -> 0.044229962
A32: % Financeiro Acumulado | B32: =IFERROR(VLOOKUP(SUBTOTAL (ETAPA),ORÇAMENTO!$B$10:$K$235,10,FALSE),"") | D32: =D30 -> 0.082370612 | E32: =E30 -> 0.20138932 | F32: =F30 -> 0.46702238 | G32: =G30 -> 0.71725466 | H32: =H30 -> 0.95577004 | I32: =I30 -> 1
A35: Indaiatuba, 02 de abril de 2026

Sheet COMPOSIÇÕES
F1: Data: 02/04/2026
A2: PREFEITURA MUNICIPAL DE INDAIATUBA
A3: SECRETARIA MUNICIPAL DE PLANEJAMENTO URBANO E ENGENHARIA
A4: Estado de São Paulo
E5: TAXAS: BDI= 21,00% |LS= 115,48%
A6: OBRA : | B6: FECHAMENTO DA PISCINA DO CENTRO ESPORTIVO JARDIM MORADA DO SOL REI PELÉ
A7: ORÇAMENTO : | B7: FECHAMENTO DA PISCINA DO CENTRO ESPORTIVO JARDIM MORADA DO SOL REI PELÉ
A8: LOCAL : | B8: =ORÇAMENTO!C8 -> Estrada General Motors, 320 - Caldeira, Indaiatuba - SP
A9: CÓDIGO | B9: DESCRIÇÃO | C9: CLASS | D9: UNIDADE | E9: COEF. | F9: PREÇO(R$) | G9: PREÇO TOTAL (R$)
A10: 1 | B10: SERVIÇOS INICIAIS
A11: 01.01 | B11: ADMINISTRAÇÃO DE OBRA
A12: CPU01 | B12: ADMINISTRAÇÃO LOCAL | C12: SER.CG | D12: UN
A13: 100289U | B13: VIGIA DIURNO COM ENCARGOS COMPLEMENTARES | C13: SER.CG | D13: H | E13: 576 | F13: 20.45 | G13: 11777.45
A14: 90778U | B14: ENGENHEIRO CIVIL DE OBRA PLENO COM ENCARGOS COMPLEMENTARES | C14: SER.CG | D14: H | E14: 132 | F14: 71.61 | G14: 9452.57
A15: 90780U | B15: MESTRE DE OBRAS COM ENCARGOS COMPLEMENTARES | C15: SER.CG | D15: H | E15: 1056 | F15: 44.12 | G15: 46590.59
A16: CPU4 | B16: VIGIA NOTURNO COM ENCARGOS COMPLEMENTARES (H) | C16: SER.CG | D16: H | E16: 2160 | F16: 37.39 | G16: 80767.45
A17: PREÇO (mão-de-obra): | G17: 86143.67
A18: PREÇO (material): | G18: 62444.39
A19: PREÇO TOTAL (unit.): | G19: 148588.06
A20: LS(%): 115,01 | G20: 99073.84
A21: BDI(%): 21,00 | G21: 52009
A22: ADM(%): 0,00 | G22: 0
A23: TOTAL TAXA: | G23: 151082.84
A24: PREÇO TOTAL UNIT. (c/ taxa): | G24: =ROUND(G19+G23,2) -> 299670.9
A25: QUANTIDADE: | G25: 1
A26: PREÇO TOTAL (c/ taxa): | G26: =ROUND(G24*G25,2) -> 299670.9
A28: 01.17.031/CDHUU | B28: Projeto executivo de arquitetura em formato A1 | C28: SER.CG | D28: UN
A29: 90768U | B29: ARQUITETO DE OBRA JUNIOR COM ENCARGOS COMPLEMENTARES | C29: SER.CG | D29: H | E29: 3 | F29: 68.13 | G29: 204.4
A30: 90770U | B30: ARQUITETO DE OBRA SENIOR COM ENCARGOS COMPLEMENTARES | C30: SER.CG | D30: H | E30: 2.2 | F30: 75.96 | G30: 167.11
A31: 90775U | B31: DESENHISTA PROJETISTA COM ENCARGOS COMPLEMENTARES | C31: SER.CG | D31: H | E31: 18 | F31: 38.14 | G31: 686.58
A32: B.01.000.020112/CDHU | B32: Coordenador de projetos | C32: M.O. | D32: H | E32: 1.4 | F32: 165.81 | G32: 232.13
A33: B.01.000.020121/CDHU | B33: Projetista pleno - nível técnico | C33: M.O. | D33: H | E33: 11 | F33: 53.93 | G33: 593.23
A34: PREÇO (mão-de-obra): | G34: 1704.7
A35: PREÇO (material): | G35: 178.75
A36: PREÇO TOTAL (unit.): | G36: 1883.45
A37: LS(%): 115,01 | G37: 1960.57
A38: BDI(%): 21,00 | G38: 807.25
A39: ADM(%): 0,00 | G39: 0
A40: TOTAL TAXA: | G40: 2767.82
A41: PREÇO TOTAL UNIT. (c/ taxa): | G41: =ROUND(G36+G40,2) -> 4651.27
A42: QUANTIDADE: | G42: 4
A43: PREÇO TOTAL (c/ taxa): | G43: =ROUND(G41*G42,2) -> 18605.08
A45: 01.17.051/CDHUU | B45: Projeto executivo de estrutura em formato A1 | C45: SER.CG | D45: UN
A46: 90775U | B46: DESENHISTA PROJETISTA COM ENCARGOS COMPLEMENTARES | C46: SER.CG | D46: H | E46: 12.6 | F46: 38.14 | G46: 480.6
A47: 90777U | B47: ENGENHEIRO CIVIL DE OBRA JUNIOR COM ENCARGOS COMPLEMENTARES | C47: SER.CG | D47: H | E47: 2.1 | F47: 70.51 | G47: 148.08
A48: 90779U | B48: ENGENHEIRO CIVIL DE OBRA SENIOR COM ENCARGOS COMPLEMENTARES | C48: SER.CG | D48: H | E48: 1.5 | F48: 97.52 | G48: 146.28
A49: B.01.000.020112/CDHU | B49: Coordenador de projetos | C49: M.O. | D49: H | E49: 1 | F49: 165.81 | G49: 165.81
A50: B.01.000.020121/CDHU | B50: Projetista pleno - nível técnico | C50: M.O. | D50: H | E50: 7.7 | F50: 53.93 | G50: 415.26
A51: PREÇO (mão-de-obra): | G51: 1231.18
A52: PREÇO (material): | G52: 124.85
A53: PREÇO TOTAL (unit.): | G53: 1356.03
A54: LS(%): 115,01 | G54: 1415.98
A55: BDI(%): 21,00 | G55: 582.12
A56: ADM(%): 0,00 | G56: 0
A57: TOTAL TAXA: | G57: 1998.1
A58: PREÇO TOTAL UNIT. (c/ taxa): | G58: =ROUND(G53+G57,2) -> 3354.13
A59: QUANTIDADE: | G59: 4
A60: PREÇO TOTAL (c/ taxa): | G60: =ROUND(G58*G59,2) -> 13416.52
A62: 2 | B62: INSTALAÇÃO DO CANTEIRO DE OBRA
A63: 02.01 | B63: DEMOLIÇÕES E RETIRADAS
A64: 90444U | B64: RASGO LINEAR MECANIZADO EM CONTRAPISO, PARA RAMAIS/ DISTRIBUIÇÃO DE INSTALAÇÕES HIDRÁULICAS, DIÂMETROS MENORES OU IGUAIS A 40 MM. AF_09/2023_PS | C64: SER.CG | D64: M
A65: 102274U | B65: MARTELO DEMOLIDOR ELÉTRICO, COM POTÊNCIA DE 2.000 W, 1.000 IMPACTOS POR MINUTO, PESO DE 30 KG - CHI DIURNO. AF_01/2021 | C65: SER.CG | D65: CHI | E65: 0.1632 | F65: 0.82 | G65: 0.13
A66: 102275U | B66: MARTELO DEMOLIDOR ELÉTRICO, COM POTÊNCIA DE 2.000 W, 1.000 IMPACTOS POR MINUTO, PESO DE 30 KG - CHP DIURNO. AF_01/2021 | C66: SER.CG | D66: CHP | E66: 0.0668 | F66: 3.14 | G66: 0.21
A67: 88248U | B67: AUXILIAR DE ENCANADOR OU BOMBEIRO HIDRÁULICO COM ENCARGOS COMPLEMENTARES | C67: SER.CG | D67: H | E67: 0.0646 | F67: 20.07 | G67: 1.3
A68: 88298U | B68: OPERADOR DE MARTELETE OU MARTELETEIRO COM ENCARGOS COMPLEMENTARES | C68: SER.CG | D68: H | E68: 0.2298 | F68: 20.45 | G68: 4.7
A69: PREÇO (mão-de-obra): | G69: 3.59
A70: PREÇO (material): | G70: 2.75
A71: PREÇO TOTAL (unit.): | G71: 6.34
A72: LS(%): 115,01 | G72: 4.12
A73: BDI(%): 21,00 | G73: 2.2
A74: ADM(%): 0,00 | G74: 0
A75: TOTAL TAXA: | G75: 6.32
A76: PREÇO TOTAL UNIT. (c/ taxa): | G76: =ROUND(G71+G75,2) -> 12.66
A77: QUANTIDADE: | G77: 90
A78: PREÇO TOTAL (c/ taxa): | G78: =ROUND(G76*G77,2) -> 1139.4
A80: 93358U | B80: ESCAVAÇÃO MANUAL DE VALA. AF_09/2024 | C80: SER.CG | D80: M3
A81: 88316U | B81: SERVENTE COM ENCARGOS COMPLEMENTARES | C81: SER.CG | D81: H | E81: 3.9557667 | F81: 19.41 | G81: 76.79
A82: PREÇO (mão-de-obra): | G82: 40.4
A83: PREÇO (material): | G83: 36.39
A84: PREÇO TOTAL (unit.): | G84: 76.79
A85: LS(%): 115,01 | G85: 46.46
A86: BDI(%): 21,00 | G86: 25.88
A87: ADM(%): 0,00 | G87: 0
A88: TOTAL TAXA: | G88: 72.34
A89: PREÇO TOTAL UNIT. (c/ taxa): | G89: =ROUND(G84+G88,2) -> 149.13
A90: QUANTIDADE: | G90: 2.3
A91: PREÇO TOTAL (c/ taxa): | G91: =ROUND(G89*G90,2) -> 343
A93: 97631U | B93: DEMOLIÇÃO DE ARGAMASSAS, DE FORMA MANUAL, SEM REAPROVEITAMENTO. AF_09/2023 | C93: SER.CG | D93: M2
A94: 88309U | B94: PEDREIRO COM ENCARGOS COMPLEMENTARES | C94: SER.CG | D94: H | E94: 0.1151 | F94: 21.66 | G94: 2.49
A95: 88316U | B95: SERVENTE COM ENCARGOS COMPLEMENTARES | C95: SER.CG | D95: H | E95: 0.3872 | F95: 19.41 | G95: 7.52
A96: PREÇO (mão-de-obra): | G96: 5.38
A97: PREÇO (material): | G97: 4.63
A98: PREÇO TOTAL (unit.): | G98: 10.01
A99: LS(%): 115,01 | G99: 6.18
A100: BDI(%): 21,00 | G100: 3.4
A101: ADM(%): 0,00 | G101: 0
A102: TOTAL TAXA: | G102: 9.58
A103: PREÇO TOTAL UNIT. (c/ taxa): | G103: =ROUND(G98+G102,2) -> 19.59
A104: QUANTIDADE: | G104: 26
A105: PREÇO TOTAL (c/ taxa): | G105: =ROUND(G103*G104,2) -> 509.34
...

Sheet COTAÇÕES
A1: COT01 | B1: VÁLVULA REDUTORA DE PRESSÃO 3/4 EXTREMIDADES COM ROSCA
A2: EMPRESA | B2: CNPJ | C2: VENDEDOR | D2: CONTATO | E2: DATA | F2: PREÇO TOTAL
A3: LEROY MERLIN | F3: =216.77+18.3 -> 235.07
A4: AMAZON | F4: 216.77
A5: ELETROHIDRO | F5: =152.9+20.51 -> 173.41
A6: PREÇO ADOTADO | F6: =MEDIAN(F3:F5) -> 216.77

Sheet CURVA ABC
A1: CÓDIGO | B1: DESCRIÇÃO | C1: CLASS | D1: UNIDADE | E1: QUANT. | F1: PR.UNIT(R$) | G1: PR.TOTAL(R$) | H1: PART.(%) | I1: PART.ACUM.(%)
A2: 25.01.450/CDHUU | B2: Caixilho em alumínio para pele de vidro, tipo fachada | C2: SER.CG | D2: M2 | E2: 419.75 | F2: 1733.32 | G2: 727562.91 | H2: 34.4459 | I2: 34.4459 | J2: =E2/2 -> 209.875
A3: CPU01 | B3: ADMINISTRAÇÃO LOCAL | C3: SER.CG | D3: UN | E3: 1 | F3: 322984.39 | G3: 322984.39 | H3: 15.2914 | I3: 49.7373
A4: 21.03.151/CDHUU | B4: Revestimento em placa de alumínio composto "ACM", espessura de 4 mm e acabamento em PVDF | C4: SER.CG | D4: M2 | E4: 174.77 | F4: 1194.92 | G4: 208836.53 | H4: 9.8872 | I4: 59.6245
A5: 26.01.169/CDHUU | B5: Vidro liso laminado incolor de 8 mm | C5: SER.CG | D5: M2 | E5: 495.7 | F5: 345.95 | G5: 171485.78 | H5: 8.1189 | I5: 67.7433
A6: 25.01.060/CDHUU | B6: Caixilho em alumínio maxim-ar, sob medida | C6: SER.CG | D6: M2 | E6: 49.1 | F6: 1266.36 | G6: 62178.5 | H6: 2.9438 | I6: 70.6871
A7: 32.06.231/CDHUU | B7: Película de controle solar refletiva na cor prata, aplicado em vidros | C7: SER.CG | D7: M2 | E7: 419.75 | F7: 96.79 | G7: 40626.72 | H7: 1.9234 | I7: 72.6105
A8: 15.03.030/CDHUU | B8: Fornecimento e montagem de estrutura em aço ASTM-A36, sem pintura | C8: SER.CG | D8: KG | E8: 1088 | F8: 34.75 | G8: 37809.31 | H8: 1.7901 | I8: 74.4006
A9: 34.05.260/CDHUU | B9: Gradil em aço galvanizado eletrofundido, malha 65 x 132 mm e pintura eletrostática | C9: SER.CG | D9: M2 | E9: 57.79 | F9: 597.83 | G9: 34548.31 | H9: 1.6357 | I9: 76.0363
A10: 25.01.120/CDHUU | B10: Caixilho tipo veneziana industrial com montantes em alumínio e aletas em fibra de vidro | C10: SER.CG | D10: M2 | E10: 56.7 | F10: 607.93 | G10: 34469.53 | H10: 1.6319 | I10: 77.6682
A11: 15.03.131/CDHUU | B11: Fornecimento e montagem de estrutura em aço ASTM-A572 Grau 50, sem pintura | C11: SER.CG | D11: KG | E11: 852 | F11: 37.67 | G11: 32092.54 | H11: 1.5194 | I11: 79.1876
A12: 25.02.020/CDHUU | B12: Porta de entrada de abrir em alumínio, sob medida | C12: SER.CG | D12: M2 | E12: 20.25 | F12: 1375.12 | G12: 27846.2 | H12: 1.3184 | I12: 80.5059
A13: 98459U | B13: TAPUME COM TELHA METÁLICA. AF_03/2024 | C13: SER.CG | D13: M2 | E13: 180.5 | F13: 116.6 | G13: 21045.82 | H13: 0.9964 | I13: 81.5023
A14: 104896 | B14: COMPOSIÇÃO PARAMÉTRICA DE EXECUÇÃO DE REFEITÓRIO EM CANTEIRO DE OBRAS, FORA DA PROJEÇÃO DA LAJE, EM CHAPA DE MADEIRA COMPENSADA, NÃO INCLUSO MOBILIÁRIO E EQUIPAMENTOS | C14: SER.CG | D14: M2 | E14: 20 | F14: 975.1 | G14: 19501.99 | H14: 0.9233 | I14: 82.4256
A15: 101731U | B15: PISO EM PEDRA ASSENTADO SOBRE ARGAMASSA 1:3 (CIMENTO E AREIA). AF_09/2020 | C15: SER.CG | D15: M2 | E15: 44.5 | F15: 437.9 | G15: 19486.35 | H15: 0.9226 | I15: 83.3482
A16: 01.17.031/CDHUU | B16: Projeto executivo de arquitetura em formato A1 | C16: SER.CG | D16: UN | E16: 4 | F16: 4651.27 | G16: 18605.08 | H16: 0.8808 | I16: 84.229
A17: 34.05.300/CDHUU | B17: Portão de correr em grade de aço galvanizado eletrofundida, malha 65 x 132 mm, e pintura eletrostática | C17: SER.CG | D17: M2 | E17: 10.08 | F17: 1427.99 | G17: 14394.18 | H17: 0.6815 | I17: 84.9105
A18: 49.06.560/CDHUU | B18: Grelha com calha e cesto coletor para piso em aço inoxidável, largura de 20 cm | C18: SER.CG | D18: M | E18: 11 | F18: 1284.83 | G18: 14133.13 | H18: 0.6691 | I18: 85.5796
A19: 01.17.051/CDHUU | B19: Projeto executivo de estrutura em formato A1 | C19: SER.CG | D19: UN | E19: 4 | F19: 3354.13 | G19: 13416.54 | H19: 0.6352 | I19: 86.2148
A20: 88489U | B20: PINTURA LÁTEX ACRÍLICA PREMIUM, APLICAÇÃO MANUAL EM PAREDES, DUAS DEMÃOS. AF_04/2023 | C20: SER.CG | D20: M2 | E20: 708 | F20: 18.73 | G20: 13261.67 | H20: 0.6279 | I20: 86.8427
A21: 55.01.100/CDHUU | B21: Limpeza complementar e especial de vidros | C21: SER.CG | D21: M2 | E21: 457.54 | F21: 28.27 | G21: 12936.86 | H21: 0.6125 | I21: 87.4552
A22: 55.01.020/CDHUU | B22: Limpeza final da obra | C22: SER.CG | D22: M2 | E22: 480.75 | F22: 26.39 | G22: 12686.91 | H22: 0.6007 | I22: 88.0558
A23: 02.02.140/CDHUU | B23: Locação de container tipo sanitário com 2 vasos sanitários, 2 lavatórios, 2 mictórios e 4 pontos para chuveiro - área mínima de 13,80 m² | C23: SER.CG | D23: unmes | E23: 6 | F23: 1891.61 | G23: 11349.68 | H23: 0.5373 | I23: 88.5932
A24: 16.113.000906.SERU | B24: Perfilado liso em chapa de aço galvanizado # 22, largura 38 mm x altura 19 mm, com tampa, instalação superior, inclusive conexões | C24: SER.CG | D24: M | E24: 100 | F24: 102.58 | G24: 10258.45 | H24: 0.4857 | I24: 89.0788
A25: 16.13.130/CDHUU | B25: Telhamento em chapa de aço com pintura poliéster, tipo sanduíche, espessura de 0,50 mm, com poliestireno expandido | C25: SER.CG | D25: M2 | E25: 54.4 | F25: 184.49 | G25: 10036.51 | H25: 0.4752 | I25: 89.554
A26: 100725U | B26: PINTURA COM TINTA ALQUÍDICA DE FUNDO E ACABAMENTO (ESMALTE SINTÉTICO GRAFITE) PULVERIZADA SOBRE SUPERFÍCIES METÁLICAS (EXCETO PERFIL) EXECUTADO EM OBRA (POR DEMÃO). AF_01/2020_PE | C26: SER.CG | D26: M2 | E26: 259.56 | F26: 38.59 | G26: 10017.67 | H26: 0.4743 | I26: 90.0283
... A132: 93653U | B132: DISJUNTOR MONOPOLAR TIPO DIN, CORRENTE NOMINAL DE 10A - FORNECIMENTO E INSTALAÇÃO. AF_07/2025 | C132: SER.CG | D132: UN | E132: 1 | F132: 14.5 | G132: 14.5 | H132: 0.0007 | I132: 100
A133: TOTAL GERAL: | H133: 2140081
